 Dungeon Crawl Stone Soup version 0.21-a0-507-ga8f6b7a (webtiles) character file.

338 slep the Poker (level 6, 0/32 HPs)
             Began as a Vine Stalker Gladiator on Nov 28, 2017.
             Slain by a ball python (1 damage)
             ... in a sewer.
             The game lasted 00:09:42 (1415 turns).

slep the Poker (Vine Stalker Gladiator)             Turns: 1415, Time: 00:09:42

Health: 0/32       AC:  9    Str: 17    XL:     6   Next: 55%
Magic:  0/7        EV:  9    Int:  8    God:
Gold:   27         SH:  0    Dex: 17    Spells: 5/5 levels left

rFire    . . .     SeeInvis .   a - +0 trident
rCold    . . .     Gourm    .   (no shield)
rNeg     . . .     Faith    .   k - +3 ring mail
rPois    .         Spirit   +   c - +0 helmet
rElec    .         Reflect  .   (no cloak)
rCorr    .         Harm     .   (no gloves)
MR       .....                  (no boots)
Stlth    +.........             (no amulet)
HPRegen  0.50/turn              (no ring)
MPRegen  0.10/turn              (no ring)

@: constricted
A: fangs 2, regeneration 1, magic shield, antimagic bite, no potion heal 3, rot
immunity
a: no special abilities


You were in a sewer.
You were not hungry.

You visited 1 branch of the dungeon, and saw 3 of its levels.
You also visited: Sewer.

You collected 27 gold pieces.

Inventory:

Hand Weapons
 a - a +0 trident (weapon)
Missiles
 d - 3 throwing nets (quivered)
 l - 33 poisoned needles
Armour
 b - a +0 leather armour
 c - a +0 helmet (worn)
 k - a +3 ring mail (worn)
Scrolls
 e - 3 scrolls of remove curse {unknown}
 g - 2 scrolls of identify {unknown}
 j - 2 scrolls of teleportation {unknown}
 m - 3 scrolls of fog {unknown}
 p - a scroll of fear {unknown}
 q - 2 scrolls of blinking {unknown}
Potions
 h - 3 potions of curing {unknown}
 n - a potion of lignification {unknown}
 r - 4 potions of magic {unknown}
 s - a potion of haste {unknown}
Comestibles
 f - 2 bread rations
 i - a meat ration
 o - 3 chunks of flesh


   Skills:
 + Level 2.9 Fighting
 + Level 5.2 Polearms
 + Level 2.0 Throwing
 + Level 1.0 Armour
 + Level 2.9 Dodging
 + Level 1.6 Stealth


You had 5 spell levels left.
You didn't know any spells.

Dungeon Overview and Level Annotations

Branches:
Dungeon (3/15)

Altars:


Innate Abilities, Weirdness & Mutations

You have extremely sharp teeth.
Your natural rate of healing is unusually fast.
When hurt, damage is shared between your health and your magic reserves.
Your bite disrupts and absorbs the magic of your enemies.
Potions cannot restore your health.
You are immune to rotting.


Message History

The ball python bites you.
* * * LOW HITPOINT WARNING * * *
x2 The ball python constricts you.
The ball python bites you but does no damage.
You puncture the ball python!
You kill the ball python!
* * * LOW HITPOINT WARNING * * *
You feel sick.
You are no longer poisoned.
The ball python bites you but does no damage.
The bullfrog hits you but does no damage.
The ball python bites you but does no damage.
The ball python constricts you.
The ooze jiggles.
The bullfrog hits you but does no damage.
The ball python bites you but does no damage.
You hit the ball python.
You kill the ball python!
The ball python bites you but does no damage.
You die...

..≈.##
#..##.≈.≈..#
≈≈≈≈≈#
#####≈≈≈≈≈≈#
≈†≈≈≈#
#≈≈≈≈≈≈#
≈≈≈≈≈#
#≈≈≈≈≈≈#
≈≈†≈≈#
#≈≈≈≈≈≈#
≈≈†≈≈#
#≈≈≈≈≈≈#
≈≈.≈≈#
#≈≈≈≈≈≈#
≈)(.≈#
#≈≈≈#≈≈#
≈.≈.##
#≈≈≈≈@≈#
≈≈≈≈≈#
#≈≈≈SFJ#
≈≈≈≈≈#
#≈≈≈#†≈#
≈≈≈≈≈#
#≈≈≈J≈≈#
≈≈≈≈≈#
#≈≈≈≈≈≈#
≈≈≈≈≈#
#≈≈≈≈≈≈#
≈≈≈≈≈#
#≈≈≈≈≈≈#
≈≈≈≈≈#
#≈≈≈≈≈≈#
..≈..#
##.≈≈..#


You could see a bullfrog, 2 oozes and a ball python.

Vanquished Creatures
  A bullfrog (Sewer)
  Jessica (D:2)
  10 adders
  7 river rats (Sewer)
  An ooze (Sewer)
  4 worms
  6 leopard geckos
  A giant cockroach (D:1)
  3 goblins
  7 hobgoblins
  A quokka (D:2)
  7 ball pythons (Sewer)
  9 bats
  3 frilled lizards
  5 kobolds
  26 rats
92 creatures vanquished.

Notes
Turn   | Place    | Note
-------+----------+-------------------------------------------
     0 | D:1      | slep the Vine Stalker Gladiator began the quest for the Orb.
     0 | D:1      | Reached XP level 1. HP: 11/11 MP: 2/2
   128 | D:1      | Reached skill level 3 in Polearms
   155 | D:1      | Reached XP level 2. HP: 14/15 MP: 3/3
   464 | D:2      | Reached XP level 3. HP: 14/18 MP: 4/4
   642 | D:2      | Found a faded altar of an unknown god.
   646 | D:2      | Noticed Jessica
   651 | D:2      | Gained mutation: Your natural rate of healing is unusually fast. [Vine Stalker growth]
   651 | D:2      | Reached XP level 4. HP: 13/23 MP: 5/5
   656 | D:2      | Killed Jessica
   662 | D:2      | Reached skill level 4 in Polearms
  1060 | D:3      | Found a glowing drain.
  1075 | D:3      | Reached XP level 5. HP: 27/27 MP: 6/6
  1095 | Sewer    | Entered a sewer
  1148 | Sewer    | Reached skill level 1 in Stealth
  1318 | Sewer    | Reached skill level 5 in Polearms
  1318 | Sewer    | Reached XP level 6. HP: 30/32 MP: 5/7
  1398 | Sewer    | Reached skill level 1 in Armour
  1413 | Sewer    | HP: 1/32 [ball python (1)]
  1415 | Sewer    | Slain by a ball python

Vault maps used:
D:1:      minmay_arrival_up_and_down
D:2:      first_bread, chequers_ecumenical_altar_simple, uniq_jessica
D:3:      grunt_temple_overflow_open, cheibrodos_sewer_entry_bend,
          uniq_crazy_yiuf_cottage, uniq_ijyb, uniq_natasha
Sewer:    sewer_minmay_w

Skill      XL: |  1  2  3  4  5  6 |
---------------+-------------------+-----
Polearms       | 3 4 5 |  5.2
Throwing       | 2 |  2.0
Fighting       | 2 |  2.9
Stealth        | 1 |  1.6
Armour         | 1 |  1.0
Dodging        | |  2.9

Action                   |  1- 3 |  4- 6 || total
-------------------------+-------+-------++-------
Melee: Trident           |    99 |   178 ||   277
       Bite              |    20 |    37 ||    57
  Eat: Chunk             |       |     2 ||     2
Armor: Leather armour    |     2 |       ||     2
       Ring mail         |    38 |   104 ||   142
Dodge: Dodged            |    66 |   182 ||   248

Table legend:
 A = Spawn XP
 B = Non-spawn XP
 C = Spawn XP percentage of total XP
 D = Spawn monster count
 E = Non-spawn monster count
 F = Spawn count percentage of total count
 G = Total turns spent on level
                    A         B        C        D         E        F      G
               +---------+---------+-------+---------+---------+-------+---------
         Total |       0 |     483 |   0.0 |       0 |      92 |   0.0 |  1415
               +---------+---------+-------+---------+---------+-------+---------
           D:1 |       0 |      27 |   0.0 |       0 |      19 |   0.0 |   446
           D:2 |       0 |     128 |   0.0 |       0 |      23 |   0.0 |   497
           D:3 |       0 |      20 |   0.0 |       0 |       6 |   0.0 |   152
         Sewer |       0 |     308 |   0.0 |       0 |      44 |   0.0 |   320
               +---------+---------+-------+---------+---------+-------+---------
